 Dungeon Crawl Stone Soup version 0.30-a0-1103-g25895a7845 (webtiles) character file.

Game seed: 7086021436210601913

82 qeuew the Slasher (level 4, -4/34 HPs)
             Began as a Barachi Gladiator on Apr 18, 2023.
             Frozen to death by an endoplasm (5 damage)
             ... on level 3 of the Dungeon.
             The game lasted 00:02:10 (1475 turns).

qeuew the Slasher (Barachi Gladiator)               Turns: 1475, Time: 00:02:12

Health: -4/34      AC:  6    Str: 19    XL:     4   Next: 43%
Magic:  4/4        EV: 14    Int:  8    God:
Gold:   116        SH:  0    Dex: 22    Spells: 3/3 levels left

rFire   . . .      SeeInvis +    a - +1 long sword
rCold   . . .      Faith    .    (no shield)
rNeg    . . .      Spirit   .    b - +0 leather armour
rPois   .          Reflect  .    c - +0 helmet
rElec   .          Rampage  .    m - +1 cloak "Sizoeble" {Contam Str+4 Dex+6}
rCorr   .                        (no gloves)
Will    .....                    (no boots)
Stlth   ++                       (no amulet)
HPRegen 0.25/turn                k - ring of see invisible
MPRegen 0.09/turn                (no ring)

@: slow
A: amphibious, slowness 1, strong legs 1, +LOS
a: Hop


You were on level 3 of the Dungeon.
You visited 1 branch of the dungeon, and saw 3 of its levels.

You collected 116 gold pieces.

Inventory:

Hand Weapons
 a - a +1 long sword (weapon)
Missiles
 d - 2 throwing nets (quivered)
 e - a javelin
Armour
 b - a +0 leather armour (worn)
 c - a +0 helmet (worn)
 m - the +1 cloak "Sizoeble" (worn) {Contam Str+4 Dex+6}
   (You found it on level 2 of the Dungeon)

   Str:       It affects your strength (+4).
   Dex:       It affects your dexterity (+6).
   Contam:    It causes magical contamination when unequipped.
Jewellery
 k - a ring of see invisible (left hand)
Wands
 i - a wand of digging (2)


   Skills:
 + Level 2.8 Fighting
 * Level 4.4 Long Blades
 * Level 3.0 Throwing
 + Level 1.3 Armour
 * Level 3.9 Dodging


You had 3 spell levels left.
You didn't know any spells.
Your spell library contained the following spells:

 Spells                   Type           Power      Damage    Failure   Level
 Kiss of Death            Conj/Necr      0%         2d5       45%         1
 Confusing Touch          Hex            0%         N/A       83%         3
 Dispel Undead            Necr           0%         3d6       99%         4


Dungeon Overview and Level Annotations

Branches:
Dungeon (3/15)

Altars:


Innate Abilities, Weirdness & Mutations

You are amphibious.
You cover ground slowly.
You can hop short distances.
You have an extended range of vision and can be seen from far away.


Message History

You are frozen.
The orc hits you with a +0 club. The orc wizard closely misses you.
The orc barely misses you. The adder closely misses you.
You see here a rat corpse.
Unknown command.
You closely miss the orc wizard.
The orc wizard is almost dead.
The orc hits you but does no damage. The endoplasm freezes you.
You are frozen.
The adder closely misses you. The orc barely misses you.
The orc wizard points at you and mumbles some strange words.
You resist with some effort.
You slash the orc wizard!
You kill the orc wizard!
The adder bites you but does no damage. The orc hits you with a +0 war axe!
The endoplasm closely misses you. The orc hits you with a +0 club.
Your Throwing skill increases to level 3!
Unknown command.
You hit the adder.
The adder is heavily wounded.
The adder bites you but does no damage. The endoplasm freezes you.
You are frozen.
The orc misses you. The orc barely misses you. The adder closely misses you.
You closely miss the adder.
The adder is moderately wounded.
The endoplasm closely misses you. The adder closely misses you.
The orc hits you but does no damage. The orc barely misses you.
The endoplasm barely misses you. The orc hits you with a +0 club.
* * * LOW HITPOINT WARNING * * *
The orc hits you with a +0 war axe.
* * * LOW HITPOINT WARNING * * *
The adder closely misses you.
You slash the adder!
You kill the adder!
The orc hits you with a +0 war axe.
* * * LOW HITPOINT WARNING * * *
The endoplasm freezes you.
You are frozen.
You die...

#..$# .### #...#
.... #...### ....#
#..... ....=
#....##.....#
#............
#..<..#......
########J##.........
.........@o..#......
.######.o)..........
................##.
.#.#.#.#.#.#.#..#
...........#....
#.#.#.#.#.#.## ..#.
#.. .... .... .#
######## .#.#. #
....#.


You could see 2 orcs and an endoplasm.

Vanquished Creatures
  An orc wizard (D:3)
  Terence (D:2)
  2 adders
  3 bats (D:1)
  3 endoplasms
  A hobgoblin (D:1)
  2 quokkas (D:1)
  2 ball pythons (D:2)
  2 frilled lizards
  3 goblins (D:1)
  7 kobolds (D:1)
  3 rats
30 creatures vanquished.

Notes
Turn   | Place    | Note
-------+----------+-------------------------------------------
     0 | D:1      | qeuew the Barachi Gladiator began the quest for the Orb.
     0 | D:1      | Reached XP level 1. HP: 17/17 MP: 1/1
   143 | D:1      | Reached XP level 2. HP: 12/23 MP: 2/2
   908 | D:2      | Reached skill level 4 in Long Blades
   908 | D:2      | Reached skill level 1 in Armour
   908 | D:2      | Reached XP level 3. HP: 28/28 MP: 3/3
   983 | D:2      | Noticed Terence
   999 | D:2      | Killed Terence
  1253 | D:2      | Identified the +1 cloak "Sizoeble" {Contam Str+4 Dex+6}
  1470 | D:3      | Reached XP level 4. HP: 34/34 MP: 4/4
  1475 | D:3      | HP: 1/34 [orc/+0 war axe (6)]
  1475 | D:3      | Frozen to death by an endoplasm

Illustrated notes

Levels and vault maps discovered:
D:1:      matt_arrival_los_fun, layout_basic,
          hangedman_abyss_or_decor_lesser_grid, nrook_mini_backslash,
          minmay_distorted
D:2:      layout_basic, uniq_terence
D:3:      layout_loops_ring, dk_noncrumbling_2, minmay_misc_feat_pillars,
          uniq_pargi

Skill      XL: |  1  2  3  4 |
---------------+-------------+-----
Long Blades    | 4 |  4.4
Armour         | 1 |  1.3
Throwing       | 3 |  3.0
Fighting       | |  2.8
Dodging        | |  3.9

Action                     |  1- 3 |  4- 6 || total
---------------------------+-------+-------++-------
  Melee: Long sword        |    97 |     5 ||   102
  Throw: Throwing net      |     1 |       ||     1
    Use: Scroll            |     5 |       ||     5
         Potion            |     5 |       ||     5
 Armour: Leather armour    |    31 |     4 ||    35
  Dodge: Dodged            |    87 |    14 ||   101

Table legend: (Time is in decaauts)
 A = Elapsed time spent in this place.
 B = Non-inter-level travel time spent in this place.
 C = Inter-level travel time spent in this place.
 D = Time resting spent in this place.
 E = Time spent auto-exploring this place.
 F = Levels seen in this place.
 G = Mean time per level.
                   A        B        C        D        E       F      G
               +--------+--------+--------+--------+--------+-----+--------+
         Total |   1681 |   1565 |    116 |     15 |   1268 |   3 |  560.3 |
       Dungeon |   1681 |   1565 |    116 |     15 |   1268 |   3 |  560.3 |
               +--------+--------+--------+--------+--------+-----+--------+

Top non-repeatable levels by time:
     D:1: 947 daAuts
     D:2: 719 daAuts
     D:3: 14 daAuts
